 Dungeon Sprint DCSS version 0.27-a0-1158-gaa87e14f67 (webtiles) character file.

Game seed: 9483488924071857111

427 Zeld the Zephyrmancer (level 6, -6/46 HPs)
             Began as an Octopode Air Elementalist on May 16, 2021.
             Was a Follower of Sif Muna.
             Mangled by a human
             ... wielding a +0 long sword
              (17 damage)
             ... in the Dungeon (Sprint III: "The Ten Rune Challenge").
             The game lasted 00:01:49 (893 turns).

Zeld the Zephyrmancer (Octopode Air Elementalist)    Turns: 893, Time: 00:01:49

Health: -6/46      AC:  1    Str:  7    XL:     6   Next: 97%
Magic:  10/15      EV: 15    Int: 20    God:    Sif Muna [*.....]
Gold:   37         SH:  0    Dex: 12    Spells: 5/17 levels left

rFire    . . .     SeeInvis .   (no weapon)
rCold    . . .     Faith    .   (no shield)
rNeg     . . .     Spirit   .   (helmet restricted)
rPois    .         Reflect  .   (no amulet)
rElec    .         Harm     .   (no ring)
rCorr    .         Rampage  .   (no ring)
Will     .....     NoTele   +   (no ring)
Stlth    +++.......             (no ring)
HPRegen  0.15/turn              (no ring)
MPRegen  0.14/turn              (no ring)
                                (no ring)
                                (no ring)

@: no status effects
A: almost no armour, amphibious, 8 rings, camouflage 1, gelatinous body 1,
(nimble swimmer 1), tentacles
a: Renounce Religion, Channel Magic


You were in the Dungeon.
You worshipped Sif Muna.
Sif Muna was aware of your devotion.
You visited 1 branch You collected 37 gold pieces.

Inventory:

Scrolls
 a - a scroll of enchant armour {unknown}
 h - a scroll of immolation {unknown}
 i - 2 scrolls of identify {unknown}
 k - a scroll of holy word {unknown}
Potions
 b - a potion of curing
 c - a potion of heal wounds
 d - 2 potions of haste
 e - 2 potions of magic
 j - 3 potions of flight


   Skills:
 + Level 6.3 Fighting
 + Level 6.7 Dodging
 - Level 2.6 Stealth
 + Level 6.2 Spellcasting
 - Level 1.0 Conjurations
 * Level 9.6 Air Magic


You had 5 spell levels left.
You knew the following spells:

 Your Spells              Type           Power      Damage    Failure   Level
a - Shock                 Conj/Air       100%       1d9       1%          1
b - Static Discharge      Conj/Air       27%        N/A       1%          2
c - Airstrike             Air            22%        N/A       1%          4
d - Lightning Bolt        Conj/Air       13%        1d27      32%         5

Your spell library contained the following spells:

 Spells                   Type           Power      Damage    Failure   Level
 Swiftness                Air            44%        N/A       1%          3
 Corona                   Hex            6%         N/A       11%         1
 Ensorcelled Hibernation  Hex/Ice        12%        N/A       16%         2
 Dazzling Flash           Conj/Hex       16%        N/A       26%         3
 Confusing Touch          Hex            6%         N/A       30%         3
 Tukima's Dance           Hex            6%         N/A       30%         3


Dungeon Overview and Level Annotations

Branches:
Dungeon (1/1)

Altars:
Dithmenos
Kikubaaqudgha
Okawaru
Ru
Sif Muna
Trog
Uskayaw
Vehumet
Wu Jian
Yredelemnul
Beogh


Innate Abilities, Weirdness & Mutations

You cannot wear most types of armour.
You are amphibious.
You can wear up to eight rings at the same time.
Your skin changes colour to match your surroundings (Stealth+).
Your rubbery body absorbs attacks. (AC +1, EV +1)
((You are camouflaged near water. (Stealth+)))
You have tentacles for arms and can constrict up to eight enemies at once.


Message History

The human is lightly wounded.
The human completely misses you.
The human hits you with a +0 long sword!
The zap hits the human.
The human is lightly wounded.
The zap hits the human!
The human is heavily wounded.
The zap hits the human.
The human is heavily wounded.
The zap hits the human.
The human is moderately wounded.
The human barely misses you.
The zap misses the human.
The zap hits the human.
The human is heavily wounded.
The zap hits the human.
The human is severely wounded.
The zap misses the human.
The human hits you with a +0 long sword!
The human closely misses you.
The zap hits the human.
The human is moderately wounded.
The zap hits the human!
The human is almost dead.
The zap hits the human!
You kill the human!
Sif Muna accepts your kill.
You can now call upon Sif Muna for magical energy.
The zap hits the human.
The human is moderately wounded.
The human hits you with a +0 long sword!!
* * * LOW HITPOINT WARNING * * *
Your Fighting skill increases to level 6!
Your Dodging skill increases to level 6!
Your Spellcasting skill increases to level 6!
Your Air Magic skill increases to level 9!
Blink to where?
Press: ? - help, Dir - move target, p - human
As you read the scroll of blinking, it crumbles to dust.
The human hits you with a +0 long sword!
You die...

▓▓▓▓ ▓▓▓ .♣.♣ ♣.#
######## ..♣♣♣ ♣♣.#
#___#__# ..♣.♣ ♣..#
#__ #§_#
..≈.♣♣♣♣.###+#'###)##
.≈≈.♣....#.......p†.#
≈≈≈≈.♣...'.⌠....@...#
≈≈≈≈≈≈♣..#...######+#
≈≈≈≈≈....#.⌠.#
≈≈≈≈.....#...#
≈≈.......#)###
.........#)..#
†........#___#
▓▓▓▓▓▓▓▓▓▓▓▓▓▓


You could see a human (berserk).

Vanquished Creatures
  A necrophage (D)
  A water elemental (D)
  Crazy Yiuf (D)
  Jessica (D)
  A wizard (D)
  A necromancer (D)
  A kobold demonologist (D)
  2 humans (D)
  An endoplasm (D)
  2 rats (D)
12 creatures vanquished.

Vanquished Creatures (others)
  2 plants (D)
2 creatures vanquished.

Grand Total: 14 creatures vanquished

Notes
Turn   | Place    | Note
-------+----------+-------------------------------------------
     0 | D        | Zeld the Octopode Air Elementalist began the quest for the
                  | Orb.
     0 | D        | Reached XP level 1. HP: 11/11 MP: 3/3
   129 | D        | Noticed Jessica
   132 | D        | Killed Jessica
   133 | D        | Reached skill level 4 in Air Magic
   133 | D        | Reached XP level 2. HP: 20/20 MP: 0/6
   133 | D        | Reached XP level 3. HP: 25/25 MP: 0/7
   136 | D        | Learned a level 2 spell: Static Discharge
   275 | D        | Reached skill level 5 in Air Magic
   341 | D        | Noticed Crazy Yiuf
   349 | D        | Killed Crazy Yiuf
   350 | D        | Reached XP level 4. HP: 31/31 MP: 1/9
   355 | D        | Learned a level 4 spell: Airstrike
   445 | D        | Noticed a water elemental
   455 | D        | Killed a water elemental
   456 | D        | Reached skill level 6 in Air Magic
   456 | D        | Reached XP level 5. HP: 12/37 MP: 9/11
   555 | D        | Learned a level 5 spell: Lightning Bolt
   682 | D        | Found a radiant altar of Vehumet.
   682 | D        | Found a shimmering blue altar of Sif Muna.
   682 | D        | Found an ancient bone altar of Kikubaaqudgha.
   688 | D        | Reached skill level 5 in Dodging
   688 | D        | Reached skill level 7 in Air Magic
   723 | D        | Became a worshipper of Sif Muna the Loreminder
   764 | D        | Found a basalt altar of Yredelemnul.
   764 | D        | Found a shadowy altar of Dithmenos.
   764 | D        | Found a sacrificial altar of Ru.
   764 | D        | Noticed a necrophage
   768 | D        | Killed a necrophage
   769 | D        | Reached skill level 5 in Fighting
   769 | D        | Reached skill level 5 in Spellcasting
   769 | D        | Reached skill level 8 in Air Magic
   769 | D        | Reached XP level 6. HP: 38/45 MP: 9/14
   878 | D        | Found a hide-covered altar of Uskayaw.
   878 | D        | Found an iron altar of Okawaru.
   879 | D        | Found a bloodstained altar of Trog.
   879 | D        | Found an ornate altar of the Wu Jian Council.
   879 | D        | Noticed a human
   883 | D        | Noticed a human
   892 | D        | Killed a human
   892 | D        | Reached * piety under Sif Muna
   893 | D        | Reached skill level 9 in Air Magic
   893 | D        | Mangled by a human

Illustrated notes

Levels and vault maps discovered:
D:        dungeon_sprint_mu [sprint_mu_entry_forest, sprint_mu_temple_rooms,
          sprint_mu_d1_horrors, sprint_mu_d2_genie, sprint_mu_d3_branching,
          sprint_mu_orc_legion, sprint_mu_elf_gauntlet, sprint_mu_hive_nellie,
          sprint_mu_lair_fedhas, sprint_mu_vaults_butterflies,
          sprint_mu_slime_circle, sprint_mu_swamp_cave, sprint_mu_shoals_kraken,
          sprint_mu_blade_basic, sprint_mu_crypt_chambers,
          sprint_mu_tomb_spiral, sprint_mu_vestibule_basic,
          sprint_mu_gehenna_hellfire, sprint_mu_dis_giant,
          sprint_mu_tartarus_statrot, sprint_mu_cocytus_islands, sprint_mu_zot1]

Skill      XL: |  1  2  3  4  5  6 |
---------------+-------------------+-----
Fighting       | 2 3 4 5 6 |  6.3
Dodging        | 3 4 5 6 |  6.7
Spellcasting   | 3 4 5 6 |  6.2
Air Magic      | 4 5 6 8 9 |  9.6
Stealth        | |  2.6
Conjurations   | |  1.0

Action                   |  1- 3 |  4- 6 || total
-------------------------+-------+-------++-------
Melee: Unarmed           |     6 |    11 ||    17
       Tentacles         |     3 |     2 ||     5
       Constrict         |     2 |     1 ||     3
 Cast: Shock             |    19 |    12 ||    31
  Use: Potion            |       |     1 ||     1
       Scroll            |       |     1 ||     1
Armor: Skin              |       |     1 ||     1
Dodge: Dodged            |     5 |    10 ||    15

Table legend: (Time is in decaauts)
 A = Elapsed time spent in this place.
 B = Non-inter-level travel time spent in this place.
 C = Inter-level travel time spent in this place.
 D = Time resting spent in this place.
 E = Time spent auto-exploring this place.
 F = Levels seen in this place.
 G = Mean time per level.
                   A        B        C        D        E       F      G
               +--------+--------+--------+--------+--------+-----+--------+
         Total |    897 |    897 |      0 |    718 |      0 |   1 |  897.0 |
       Dungeon |    897 |    897 |      0 |    718 |      0 |   1 |  897.0 |
               +--------+--------+--------+--------+--------+-----+--------+

Top non-repeatable levels by time:
       D: 897 daAuts
